AoeStats
← NPG | FishCL

Nomad

508071120Analyzed
4v4 RM · 11d ago on Sep 20, 2026· 35m 37s· 8 players
Game mode
Random Map
Map size
231×231
Population
200
Speed
Normal
Resources
Standard
Victory
Conquest
Starting age
Dark Age
Ending age
Imperial Age
RankedLock teamsTeams togetherTeam positionsShared explorationLock speedFull tech treeHidden civsTurbo modeCheats
Victory
Defeat
🇺🇸 Vietnamese · United States
1561
+20
🇨🇱 Spanish · Chile
1536
+21
🇨🇱 Wei · Chile
1529
+21
🇩🇪 Georgians · Germany
1517
+21
🇦🇷 Mongols · Argentina
1715
-23
🇦🇷 Dravidians · Argentina
1640
-21
🇦🇷 Persians · Argentina
1638
-21
🇦🇷 Malay · Argentina
1576
-18
YOGRANNYCANTSCRAP
13:56 Feudal Age
15:16 Wheelbarrow
14:28 Double-Bit Axe
19:06 Castle Age
17:14 Stone Mining
17:29 Fishing Lines
18:00 Gold Mining
20:16 Bow Saw
20:01 Gillnets
20:09 Fletching
20:47 Hand Cart
20:32 Loom
21:45 Town Watch
24:31 Imperial Age
22:20 Bodkin Arrow
25:08 Padded Archer Armor
25:31 Bracer
26:10 Ballistics
27:28 Two-Man Saw
29:25 Chemistry
33:49 Leather Archer Armor
AiM | PoRRo
5:00 Loom
13:12 Feudal Age
19:10 Castle Age
17:48 Stone Mining
18:31 Double-Bit Axe
18:28 Horse Collar
19:30 Forging
20:16 Medium Warships
21:07 Demolition Ship
25:28 Padded Archer Armor
26:42 Husbandry
29:08 Wheelbarrow
29:03 Bow Saw
32:19 Bloodlines
35:40 Imperial Age
33:30 Gold Mining
33:53 Fletching
33:52 Elite Skirmisher
36:02 Ballistics
35:39 Bodkin Arrow
NPG | FishCL
6:04 Loom
13:31 Feudal Age
18:14 Castle Age
16:34 Double-Bit Axe
17:26 Stone Mining
17:55 Horse Collar
18:45 Gold Mining
19:10 Bow Saw
31:10 Scale Barding Armor
35:25 Chain Barding Armor
35:33 Forging
PanicWaller
7:37 Loom
13:58 Feudal Age
18:09 Castle Age
16:52 Fishing Lines
17:05 Double-Bit Axe
21:10 Scale Barding Armor
21:09 Town Watch
26:26 Wheelbarrow
26:22 Horse Collar
27:46 Bow Saw
30:41 Hand Cart
31:50 Gold Mining
31:50 Stone Mining
36:11 Imperial Age
34:31 Forging
36:06 Chain Barding Armor
36:22 Iron Casting
Duka
8:46 Loom
14:19 Feudal Age
20:18 Castle Age
24:31 Double-Bit Axe
29:50 Scale Mail Armor
IMPERIAL IPA
4:51 Loom
13:27 Feudal Age
16:54 Castle Age
19:35 Town Watch
MerlinAoE
7:40 Loom
14:36 Feudal Age
15:35 Double-Bit Axe
19:19 Forging
21:29 Fishing Lines
28:01 Castle Age
33:48 Wheelbarrow
El Libertador Don Jose
4:21 Loom
14:51 Feudal Age
15:35 Double-Bit Axe
18:25 Castle Age
18:07 Fletching
19:40 Bow Saw
22:29 Padded Archer Armor
22:29 Bodkin Arrow
24:53 Leather Archer Armor
26:06 Ballistics
26:30 Town Watch
27:22 Wheelbarrow
28:34 Town Patrol
28:49 Hand Cart
29:56 Pikeman
32:24 Hand Cart
35:26 Imperial Age
33:35 Stone Mining
33:42 Gold Mining
34:16 Husbandry
35:03 Bloodlines
Connection lost

Rejoining the realm…

Still unreachable

The connection could not be restored.

Session expired

The server has moved on; the page needs a fresh start.